[Event "Late-Titled-Tuesday-Blitz-July-09-2024"]
[Site "Chess.com"]
[Date "2024.07.09"]
[Round "4"]
[White "dodorox"]
[Black "Happy1712Drummer"]
[Result "1/2-1/2"]
[WhiteElo "2189"]
[BlackElo "2428"]
[TimeControl "180+1"]
[EndTime "14:39:31 PDT"]
[Termination "Game drawn by repetition"]

1. d4 Nf6 2. c4 g6 3. Nc3 Bg7 4. e4 d6 5. Nf3 O-O 6. h3 a6 7. Be3 Nc6 8. d5 Nb8 9. Bd3 c5 10. O-O e6 11. a4 Re8 12. Qc2 h6 13. Rad1 exd5 14. cxd5 Nbd7 15. Nd2 g5 16. Rfe1 Ne5 17. Bf1 Ng6 18. Nc4 g4 19. a5 gxh3 20. gxh3 Kh8 21. f4 Nh5 22. Qf2 Rg8 23. Kh2 Qh4 24. Qxh4 Nxh4 25.
Be2 Bxc3 26. Bxh5 Bxe1 27. Rxe1 Ng2 28. Re2 Nxe3 29. Rxe3 Rd8 30. Bxf7 Kg7 31. Bh5 Kf8 32. Bf3 Bd7 33. Nb6 Rab8 34. e5 Bb5 35. e6 Ke7 36. f5 Rg8 37. Bh5 Rbf8 38. Rf3 Rf6 39. Bf7 Rg5 40.
Nc8+ Kf8 41. Nxd6 Ke7 42. Nc8+ Kf8 43. Nd6 Ke7 44. Nc8+ Kf8 45. Nd6 1/2-1/2

[Event "Late-Titled-Tuesday-Blitz-July-09-2024"]
[Site "Chess.com"]
[Date "2024.07.09"]
[Round "4"]
[White "saikrishnaReturns"]
[Black "subham777"]
[Result "1-0"]
[WhiteElo "2778"]
[BlackElo "2560"]
[TimeControl "180+1"]
[EndTime "14:39:33 PDT"]
[Termination "saikrishnaReturns won by resignation"]

1. Nf3 d5 2. g3 Nf6 3. Bg2 e6 4. O-O Be7 5. d3 O-O 6. Nbd2 c5 7. e4 dxe4 8. dxe4 Nc6 9. Re1 Qc7 10.
c3 e5 11. Nh4 Bg4 12. Qc2 Rad8 13. Nc4 Be6 14. Ne3 g6 15. Qe2 Rfe8 16. Bf1 a6 17. Qc2 b5 18. Nhg2 Ng4 19. h3 Nf6 20. g4 Qb7 21. f4 exf4 22. Nxf4 Bd6 23. Nxe6 Rxe6 24.
Bg2 Rde8 25. Rd1 Bb8 26. Nd5 Nxd5 27. exd5 Re2 28. Qd3 Na5 29. Qf3 Nc4 30. b3 Nd6 31. Bh6 Qe7 32. Rf1 c4 33. b4 Qe5 34. Bf4 Qe7 35.
a4 f6 36. axb5 axb5 37. Ra6 g5 38. Bxd6 Bxd6 39. Qxf6 Qxf6 40. Rxf6 Be5 41. Rf3 Re1+ 42. Bf1 Bf4 43. Rb6 Rd1 44. Rxb5 Ree1 45. Rc5 Be3+ 46.
Kg2 Bxc5 47. bxc5 Rd2+ 48. Rf2 Rxd5 49. Bxc4 Re5 50. Rf5 Kg7 51. Bxd5 Re2+ 52. Kf3 Re3+ 53. Kxe3 1-0

[Event "Late-Titled-Tuesday-Blitz-July-09-2024"]
[Site "Chess.com"]
[Date "2024.07.09"]
[Round "4"]
[White "Kirill_Klukin"]
[Black "GoltsevDmitry2000"]
[Result "0-1"]
[WhiteElo "2928"]
[BlackElo "2784"]
[TimeControl "180+1"]
[EndTime "14:39:34 PDT"]
[Termination "GoltsevDmitry2000 won by resignation"]

1. d4 e6 2. c4 d5 3. Nf3 Nf6 4. Nc3 dxc4 5. e3 c5 6. Bxc4 Nc6 7. O-O Be7 8. Qe2 O-O 9. Rd1 Qc7 10. a3 a6 11. d5 exd5 12. Nxd5 Nxd5 13. Bxd5 Bg4 14.
Qc4 Bh5 15. Bd2 b5 16. Qc2 Rad8 17. Bc3 Nd4 18. Qe4 Bg6 19. Qg4 Bf5 20. Qg3 Ne2+ 21.
Kf1 Nxg3+ 22. hxg3 Be6 23. e4 Bxd5 24. exd5 Bf6 25.
Bxf6 gxf6 26. Rd2 c4 27. Rad1 c3 28. bxc3 Qxc3 29. Rd3 Qc4 30. Kg1 Rfe8 31. d6 Rd7 32.
Rd4 Qc5 33. R1d3 Re6 34. Rd5 Qc4 35. R3d4 Qc1+ 36. Kh2 Qxa3 37. Rg4+ Kf8 38. Rh5 Rexd6 39. Rxh7 Re6 40. Nh4 Re5 41. f4 Red5 42. Rh8+ Ke7 43.
Rgg8 Rd8 44. Nf5+ Rxf5 45. Rxd8 Rh5+ 46. Rxh5 Kxd8 47. Rh8+ Kd7 48. Rh7 Ke7 49. Rh8 b4 50. Rb8 b3 51. Rb7+ Kf8 52. g4 b2 0-1

[Event "Late-Titled-Tuesday-Blitz-July-09-2024"]
[Site "Chess.com"]
[Date "2024.07.09"]
[Round "4"]
[White "Boundless_Strike"]
[Black "Javokhir_Sindarov05"]
[Result "0-1"]
[WhiteElo "2796"]
[BlackElo "3067"]
[TimeControl "180+1"]
[EndTime "14:39:34 PDT"]
[Termination "Javokhir_Sindarov05 won by checkmate"]

1. d4 Nf6 2. f3 d5 3. e4 dxe4 4.
Nc3 c5 5. d5 exf3 6. Nxf3 g6 7.
Bg5 Bg7 8. Qd2 O-O 9. O-O-O Bg4 10. Be2 Nbd7 11. h3 Bxf3 12. Bxf3 Ne5 13. Be2 Ne8 14.
g4 Nd6 15. h4 b5 16. Qf4 b4 17. Na4 f6 18. Bh6 Bxh6 19. Qxh6 Qa5 20. b3 c4 21.
Qe3 Rac8 22. g5 Qc7 23. Rd2 Nf5 24. Qh3 cxb3 25. axb3 Nf7 26. gxf6 exf6 27. h5 Qe5 28. Kb1 Ng5 29. Qd3 Ne4 30. hxg6 hxg6 31. Rg1 Kg7 32. Bg4 Nxd2+ 33. Qxd2 Rfd8 34. Qf2 Rxd5 35. Nb2 Rcd8 36.
Nd3 Qe3 37. Bxf5 Qxf2 38. Rxg6+ Kf7 39. Nxf2 Rxf5 40. Rg2 Rd2 41. Rh2 Rfxf2 42. Rh7+ Kg6 43. Rxa7 Rxc2 44. Ka1 Rc1# 0-1

[Event "Late-Titled-Tuesday-Blitz-July-09-2024"]
[Site "Chess.com"]
[Date "2024.07.09"]
[Round "4"]
[White "Djager97"]
[Black "MetiForce"]
[Result "0-1"]
[WhiteElo "2656"]
[BlackElo "2899"]
[TimeControl "180+1"]
[EndTime "14:39:36 PDT"]
[Termination "MetiForce won on time"]

1. e4 c5 2. Nf3 d6 3. d4 cxd4 4. Nxd4 Nf6 5. Nc3 a6 6. Bg5 Nbd7 7. Qe2 e6 8. O-O-O Qc7 9. g4 b5 10. a3 Rb8 11. f4 Be7 12. Bg2 h6 13. Bxf6 Bxf6 14.
h4 b4 15. axb4 Rxb4 16. e5 dxe5 17. Nc6 Rxf4 18. g5 hxg5 19. hxg5 Rxh1 20. Rxh1 Bxg5 21. Rh8+ Nf8 22. Kb1 Bb7 23. Nxe5 Bf6 24. Bxb7 Qxb7 25.
Nc4 Qb4 26. Nd5 Qxc4 27. Nxf4 Qxf4 28. Qxa6 Qc7 29. Qb5+ Ke7 30. Qb4+ Qd6 31. Qxd6+ Kxd6 32. Rxf8 Ke7 33. Rg8 Be5 34. b4 f5 35. Kc1 Kf7 36.
Rc8 g5 37. b5 g4 38. Kd2 g3 39. Ke2 f4 40. Kf3 Bd6 41. b6 e5 42. b7 e4+ 43.
Kg2 f3+ 44. Kh3 g2 0-1

[Event "Late-Titled-Tuesday-Blitz-July-09-2024"]
[Site "Chess.com"]
[Date "2024.07.09"]
[Round "4"]
[White "yaguigor"]
[Black "Seochesspie"]
[Result "0-1"]
[WhiteElo "2620"]
[BlackElo "2943"]
[TimeControl "180+1"]
[EndTime "14:39:36 PDT"]
[Termination "Seochesspie won on time"]

1. e4 c6 2. d4 d5 3. e5 c5 4. dxc5 e6 5. Nf3 Bxc5 6. a3 Nc6 7. b4 Bb6 8. Bb2 Nge7 9. Nbd2 Ng6 10. Bd3 Bc7 11.
Bxg6 fxg6 12. O-O O-O 13. c4 g5 14. b5 Na5 15. cxd5 Qxd5 16. Nxg5 h6 17. Ngf3 Qxb5 18. Qc2 Nc6 19. a4 Qd5 20. Rad1 Qd8 21. Nc4 Qe8 22.
Ba3 Rf4 23. Bd6 Bd8 24. Nfd2 b6 25. g3 Rd4 26. Nb3 Rxd1 27. Rxd1 Bb7 28. Ba3 Nb4 29. Bxb4 Qc6 30. Kf1 Qh1+ 31. Ke2 Bf3+ 32. Kd2 Bxd1 33. Qxd1 Qd5+ 34. Ke1 Qxc4 35. Bd6 Qxa4 36. Qd3 Rc8 37. Nd4 Qc4 38. Qg6 b5 39. Qxe6+ Qxe6 40. Nxe6 Bb6 41. f4 a5 42. f5 b4 43. Kd2 b3 44. Ba3 a4 45. g4 Ba5+ 46. Kd3 Bc3 47. Nd4 b2 0-1

[Event "Late-Titled-Tuesday-Blitz-July-09-2024"]
[Site "Chess.com"]
[Date "2024.07.09"]
[Round "4"]
[White "Marcin"]
[Black "sari07"]
[Result "1-0"]
[WhiteElo "2637"]
[BlackElo "2390"]
[TimeControl "180+1"]
[EndTime "14:39:37 PDT"]
[Termination "Marcin won on time"]

1. e4 e5 2. Nf3 Nc6 3. d4 exd4 4. Nxd4 Nf6 5. Nc3 Bb4 6. Nxc6 bxc6 7. Bd3 d5 8. exd5 O-O 9. O-O Bg4 10. f3 Bh5 11. Bg5 cxd5 12. Kh1 c6 13. Ne2 h6 14. Bh4 Bg6 15. Bxg6 fxg6 16. Qd3 g5 17. Bf2 Ba5 18. Nd4 Qd7 19. Nb3 Bb6 20. Bc5 Rfe8 21. a4 Bxc5 22. Nxc5 Qd6 23. b4 Re7 24. Rfe1 Rae8 25. Rxe7 Qxe7 26.
Qd4 Nh5 27. Nd3 Nf4 28. Nxf4 gxf4 29. h3 Qe2 30. Qxf4 Qxc2 31. b5 Qc3 32. Rc1 Re1+ 33.
Rxe1 Qxe1+ 34. Kh2 cxb5 35. axb5 Qc3 36. Qb8+ Kh7 37.
Qxa7 Qe5+ 38. Kh1 d4 39. Qa1 Qxb5 40. Qxd4 Qb1+ 41. Kh2 Qb8+ 42. Kh1 Qb1+ 43. Qg1 Qb5 44. Qe1 Qb6 45. Qe4+ Kh8 46. f4 Qc7 47. Kh2 Qb6 48. Kg3 Qb3+ 49. Kg4 Qb6 50. g3 Qb8 51. Qe5 Qc8+ 52.
f5 Qc4+ 53. Kh5 Qf7+ 54. Kh4 Qc4+ 55. g4 Qc6 56. Kh5 Qf3 57. Kg6 Qc6+ 58. Qe6 1-0

[Event "Late-Titled-Tuesday-Blitz-July-09-2024"]
[Site "Chess.com"]
[Date "2024.07.09"]
[Round "4"]
[White "EsmeraldasAnderson03"]
[Black "Martins-BR"]
[Result "0-1"]
[WhiteElo "2525"]
[BlackElo "2439"]
[TimeControl "180+1"]
[EndTime "14:39:37 PDT"]
[Termination "Martins-BR won by checkmate"]

1. d4 f5 2. Bg5 h6 3. Bh4 c5 4. e3 Qb6 5. b3 cxd4 6. exd4 Qe6+ 7. Be2 g5 8. Bg3 f4 9. Nf3 fxg3 10. hxg3 Bg7 11.
c3 Nf6 12. Nbd2 b6 13. O-O Bb7 14. Re1 Qf5 15. Ne5 g4 16. Bd3 Qg5 17. Bg6+ Kf8 18. Qc2 Nc6 19. Nf7 Qd5 20. Nxh8 Nxd4 21. Be4 Nxc2 22.
Bxd5 Bxd5 23. Ng6+ Kf7 24. Ne5+ Kg8 25. Rec1 Nxa1 26.
Rxa1 d6 27. Nd3 Rc8 28. c4 Bf7 29. Re1 e5 30. Ne4 Nxe4 31. Rxe4 Bg6 32. Re3 Bxd3 33. Rxd3 Bf8 34. Kf1 h5 35. Ke2 Kf7 36. f3 Ke6 37. Rd1 gxf3+ 38. gxf3 Be7 39. Rh1 Rh8 40. Ke3 h4 41. gxh4 Rxh4 42. Rg1 Rh5 43. Rg6+ Bf6 44.
Rg8 Rh7 45. Ra8 Rg7 46. a4 Bg5+ 47. Kd3 Rf7 48. Ke2 Bf4 49. b4 d5 50. Re8+ Re7 51.
cxd5+ Kd6 52. Rd8+ Rd7 53. Rc8 Kxd5 54. Kd3 Ke6+ 55.
Ke4 Rd4# 0-1

[Event "Late-Titled-Tuesday-Blitz-July-09-2024"]
[Site "Chess.com"]
[Date "2024.07.09"]
[Round "4"]
[White "pirulillo"]
[Black "Navyblue1"]
[Result "1-0"]
[WhiteElo "2426"]
[BlackElo "2126"]
[TimeControl "180+1"]
[EndTime "14:39:37 PDT"]
[Termination "pirulillo won by resignation"]

1. e4 c5 2. Nf3 d6 3. d4 cxd4 4.
Nxd4 Nf6 5. Nc3 a6 6. Be2 e5 7.
Nb3 Be7 8. Be3 Be6 9. Nd5 Nxd5 10. exd5 Bd7 11. Qd2 O-O 12. O-O f5 13. f4 Bf6 14. c4 b6 15. Rac1 Be8 16. fxe5 Bxe5 17. Nd4 Bxd4 18. Bxd4 Nd7 19. Rc3 Bg6 20. Re3 Nc5 21. Bf3 a5 22. b3 Re8 23. Rfe1 Qd7 24. Re6 Bf7 25. Qe3 Bxe6 26. dxe6 Rxe6 27. Bd5 Ne4 28.
Qf4 g6 29. Qh6 Re8 30. Re3 Qf7 31. Rh3 Nc5 32. Bxe6 Rxe6 33. Re3 Rxe3 34. Qxe3 f4 35.
Qf3 g5 36. Qa8+ Qf8 37. Qd5+ Qf7 38. Qxg5+ Kf8 39. Qd8+ Qe8 40. Qxd6+ Qe7 41. Qxf4+ Ke8 42. Qb8+ Kf7 43. Qf4+ Ke8 44. Qe3 Qxe3+ 45. Bxe3 Kd7 46. Bxc5 bxc5 47. Kf2 Ke6 48. Ke3 Ke5 49. a3 h5 50.
g3 Kf5 51. Kf3 Ke5 52. Ke3 Kf5 53. h3 Ke5 54. g4 hxg4 55. hxg4 Kf6 56. Kf4 Kg6 57.
Ke5 Kg5 58. Kd5 Kxg4 59. Kxc5 1-0

[Event "Late-Titled-Tuesday-Blitz-July-09-2024"]
[Site "Chess.com"]
[Date "2024.07.09"]
[Round "4"]
[White "baki83"]
[Black "tptagain"]
[Result "0-1"]
[WhiteElo "2826"]
[BlackElo "3047"]
[TimeControl "180+1"]
[EndTime "14:39:38 PDT"]
[Termination "tptagain won on time"]

1. e4 c6 2. d4 d5 3. e5 Bf5 4. h4 h6 5. g4 Be4 6. f3 Bh7 7. Bd3 Bxd3 8. Qxd3 e6 9. c3 h5 10. Be3 hxg4 11. h5 g3 12. Nd2 Ne7 13. Bg5 Qb6 14. Bxe7 Bxe7 15. f4 g2 16. Rh2 c5 17. Rxg2 cxd4 18.
cxd4 Nc6 19. Ngf3 Kf8 20. Kf2 Nb4 21. Qc3 Rxh5 22. f5 exf5 23. Rag1 g6 24. a3 Nc6 25. e6 Bf6 26. Nb3 Ne7 27. Nc5 Rd8 28. Nd7+ Rxd7 29. exd7 Qd8 30. Ne5 Bxe5 31. dxe5 Qxd7 32.
e6 Qxe6 33. Re1 Qb6+ 34. Ke2 Nc6 35. Kd1 Qd4+ 36. Qxd4 Nxd4 37. Re5 Rh1+ 38. Re1 Rxe1+ 39. Kxe1 f4 40. Kf1 Ne6 41. Rd2 d4 42. Kf2 g5 43.
Rc2 g4 44. Rc8+ Ke7 45. Rb8 g3+ 46. Kf3 Ng5+ 47. Kg2 d3 48. Rxb7+ Ke6 49. Rb3 d2 50. Rd3 Ne4 51. Kf3 Ke5 52. Rd8 Nd6 53. Ke2 f3+ 54.
Kxd2 g2 55. Rg8 f2 56. Rg5+ Nf5 0-1

[Event "Late-Titled-Tuesday-Blitz-July-09-2024"]
[Site "Chess.com"]
[Date "2024.07.09"]
[Round "4"]
[White "GMRafpig"]
[Black "Andreikka"]
[Result "0-1"]
[WhiteElo "2773"]
[BlackElo "3008"]
[TimeControl "180+1"]
[EndTime "14:39:39 PDT"]
[Termination "Andreikka won on time"]

1. c4 Nf6 2. Nc3 e5 3. Nf3 Nc6 4. e4 h6 5. Be2 d6 6. d4 Bg4 7. d5 Bxf3 8. gxf3 Ne7 9. f4 exf4 10. Bxf4 g5 11. Be3 Ng6 12. Qd2 Bg7 13. O-O-O Nd7 14. Nb5 a6 15. Nd4 Be5 16. h4 Nxh4 17. Rxh4 gxh4 18. f4 Bf6 19. Nf5 Nf8 20. Bd4 Ng6 21. Bh5 h3 22. Qc3 Bxd4 23. Qxd4 Kd7 24. Bg4 Kc8 25.
Nxd6+ Kb8 26. Nxf7 Qf8 27. Be6 Rh7 28. f5 Nf4 29. Qe3 Nh5 30. Qxh3 Nf6 31. e5 Ne4 32.
Qg2 Nc5 33. Qg6 Rg7 34. Qf6 Nd7 35. Bxd7 Rxf7 36. Qe6 Ka7 37. f6 Rd8 38. Ba4 h5 39. Qf5 Qh6+ 40. Kc2 h4 41. Rf1 h3 42. e6 h2 43. Qf3 Rxf6 0-1

[Event "Late-Titled-Tuesday-Blitz-July-09-2024"]
[Site "Chess.com"]
[Date "2024.07.09"]
[Round "4"]
[White "XDPS"]
[Black "FabianoCaruana"]
[Result "1-0"]
[WhiteElo "2893"]
[BlackElo "3171"]
[TimeControl "180+1"]
[EndTime "14:39:40 PDT"]
[Termination "XDPS won by resignation"]

1. e4 c5 2. Nf3 Nc6 3. Bb5 Nf6 4. Bxc6 dxc6 5. d3 Qc7 6. a4 e5 7. Na3 g6 8. Nc4 Nd7 9. b3 Bg7 10. Bb2 f6 11. O-O Nf8 12. c3 Be6 13. Qe2 g5 14. d4 Ng6 15. Rfd1 O-O 16. dxc5 Nf4 17.
Qf1 Qf7 18. Nfd2 Qh5 19. Ne3 Qg6 20. f3 h5 21. Ndc4 g4 22. Rd6 Bh6 23. Rad1 gxf3 24. Qxf3 Bg4 25. Nxg4 hxg4 26. Qf1 Qxe4 27. Kh1 Bg5 28.
Rd7 Rab8 29. Bc1 Qg6 30. Nd6 g3 31. Bxf4 exf4 32. Qc4+ Kh8 33. Nf7+ Rxf7 34. Qxf7 Qxf7 35. Rxf7 Re8 36. hxg3 fxg3 37. Rxb7 f5 38. b4 Re4 39.
Kg1 Re2 40. Rbd7 Rc2 41. R7d3 Kg7 42. Rxg3 Kh6 43. b5 Bf4 44. Rf3 Kg5 45. bxc6 Be5 46. Rd5 Bxc3 47. Rdxf5+ Kg4 48. R5f4+ Kg5 49. c7 Rc1+ 50. Rf1 1-0

[Event "Late-Titled-Tuesday-Blitz-July-09-2024"]
[Site "Chess.com"]
[Date "2024.07.09"]
[Round "4"]
[White "Patricius007"]
[Black "Ykow"]
[Result "1-0"]
[WhiteElo "2560"]
[BlackElo "2722"]
[TimeControl "180+1"]
[EndTime "14:39:40 PDT"]
[Termination "Patricius007 won by resignation"]

1. e4 e5 2. Nf3 Nc6 3. Bc4 Nf6 4. d3 Bc5 5. O-O d6 6. c3 a6 7. a4 h6 8. b4 Ba7 9. h3 g5 10. Be3 g4 11. hxg4 Nxg4 12. Bxa7 Nxa7 13. d4 Qf6 14.
dxe5 dxe5 15. Qd5 Rg8 16. Nbd2 Nc6 17. b5 Ne7 18. Qc5 Ng6 19. bxa6 bxa6 20. Qxc7 Nf4 21.
Rfb1 Nxg2 22. Bxf7+ Qxf7 23. Qxf7+ Kxf7 24. Kxg2 Ra7 25. Kf1 Rd7 26. Nc4 Re8 27. Rb6 Kg7 28. Ke2 Rc7 29. Nd6 Rd8 30. Nxc8 Rdxc8 31. Rg1 h5 32.
Nxe5 Rxc3 33. Nxg4 Rc2+ 34. Ke3 hxg4 35. Rxg4+ Kf7 36. Rxa6 R8c3+ 37. Kd4 Rc4+ 38. Ke5 Rxf2 39. Rf4+ Rxf4 40. Kxf4 Rc5 41. e5 Rc1 42. Rf6+ Ke7 43.
a5 Rf1+ 44. Ke4 Ra1 45. a6 Ra2 46. Kf5 Rf2+ 47. Ke4 Ra2 48. Rb6 Ra1 49. Kd5 Ra5+ 50. Kc6 Rxe5 51. Kb7 Kd7 52. a7 Ra5 53. a8=Q Rxa8 54.
Kxa8 Kc7 55. Rb1 1-0

[Event "Late-Titled-Tuesday-Blitz-July-09-2024"]
[Site "Chess.com"]
[Date "2024.07.09"]
[Round "4"]
[White "Noki102"]
[Black "Adar_07"]
[Result "1-0"]
[WhiteElo "2566"]
[BlackElo "2728"]
[TimeControl "180+1"]
[EndTime "14:39:41 PDT"]
[Termination "Noki102 won by resignation"]

1. Nc3 c5 2. e4 g6 3. Bc4 Nc6 4. d3 a6 5. a4 Bg7 6. Nge2 e6 7. O-O Nge7 8. Bg5 h6 9. Bh4 g5 10. Bg3 d5 11. Ba2 O-O 12. f4 f5 13. fxg5 hxg5 14.
exd5 exd5 15. Bf2 b6 16. Ng3 f4 17. Nh5 Bxc3 18. bxc3 Qd6 19. Rb1 Rb8 20. Re1 Qg6 21.
Bxc5 bxc5 22. Rxb8 f3 23. Rxe7 Nxe7 24. Ng3 f2+ 25.
Kf1 Kg7 26. Qe2 Rf7 27. Qe5+ Kh7 28. Bxd5 Nxd5 29. Rxc8 Nf6 30. Rxc5 Ng4 31. Qe4 Nxh2+ 32. Ke2 Qxe4+ 33. dxe4 f1=Q+ 34. Nxf1 Rxf1 35. Rxg5 Kh6 36. Rg3 Rh1 37. Rh3+ Kg5 38. e5 Kf5 39. c4 Kxe5 40. c5 Kd5 41. Rh5+ Kc6 42. c3 a5 43. c4 Nf1 44.
Rxh1 Ng3+ 45. Kf3 Nxh1 46. g4 Kxc5 47. Kg2 Kxc4 48. Kxh1 Kb4 49. g5 Kxa4 50. g6 Kb4 51. g7 a4 52. g8=Q Ka3 53. Qg1 Ka2 54. Qf2+ Ka1 55.
Qe1+ Ka2 56. Qd2+ Kb3 57. Qd1+ Kb2 58. Qxa4 1-0

[Event "Late-Titled-Tuesday-Blitz-July-09-2024"]
[Site "Chess.com"]
[Date "2024.07.09"]
[Round "4"]
[White "RebecaJimnz"]
[Black "ural58"]
[Result "0-1"]
[WhiteElo "2294"]
[BlackElo "2461"]
[TimeControl "180+1"]
[EndTime "14:39:41 PDT"]
[Termination "ural58 won on time"]

1. e4 d5 2. exd5 Qxd5 3. Nc3 Qa5 4. d4 Nf6 5. Nf3 Nc6 6. Bd2 a6 7. Bc4 Qh5 8. Ne5 Nxe5 9. Qxh5 Nd3+ 10. Bxd3 Nxh5 11.
Nd5 Kd8 12. O-O-O Nf6 13. Nc3 e6 14. Bg5 Be7 15. Rhe1 Bd7 16. Bc4 b5 17. Bb3 c6 18.
Bxf6 gxf6 19. Ne4 Kc7 20. Rd2 Rad8 21. c3 Bc8 22. f4 f5 23. Nc5 Bxc5 24. dxc5 Rxd2 25.
Kxd2 a5 26. Ke3 b4 27. cxb4 axb4 28. Rd1 Ba6 29. Rd4 Rb8 30. g3 Bf1 31. Kf2 Bh3 32.
Ba4 Bg4 33. Rd6 Ra8 34. Rxc6+ Kb7 35. Rb6+ Kc7 36. Bb3 Rd8 37. Rxb4 Rd2+ 38. Kg1 Rxb2 39. Rd4 Bh3 40. Rd1 Rg2+ 41. Kh1 Re2 42. Bc4 Rc2 43.
Bf1 Bg4 44. Ra1 Bf3+ 45. Kg1 Kc6 46. a4 Kxc5 47. a5 Ba8 48. a6 Kb6 49. a7 Rc7 50. Ra6+ Kc5 51. Ra5+ Kd6 52. Bg2 Rc1+ 53. Bf1 Kc7 54.
Kf2 Kb6 55. Ra6+ Kc5 0-1

[Event "Late-Titled-Tuesday-Blitz-July-09-2024"]
[Site "Chess.com"]
[Date "2024.07.09"]
[Round "4"]
[White "Ash15K"]
[Black "ExchangeAB"]
[Result "1/2-1/2"]
[WhiteElo "2304"]
[BlackElo "2457"]
[TimeControl "180+1"]
[EndTime "14:39:43 PDT"]
[Termination "Game drawn by stalemate"]

1. e4 c6 2. Nc3 d5 3. Nf3 Bg4 4. h3 Bxf3 5. Qxf3 e6 6. d3 Nd7 7. Bd2 Bc5 8. O-O-O a5 9. a4 Qb6 10. exd5 cxd5 11. Nb5 Ngf6 12. d4 Be7 13. Bf4 O-O 14.
g3 Rac8 15. g4 Ne8 16. g5 Nd6 17. Bxd6 Bxd6 18. h4 Bb8 19. h5 Qc6 20. Bd3 e5 21. dxe5 Nxe5 22. Qf5 Nxd3+ 23. Qxd3 Bf4+ 24. Kb1 Bxg5 25. Na7 Qxa4 26. Nxc8 Rxc8 27. Rhg1 h6 28. Qf5 Rc5 29.
Rxd5 Rxd5 30. Qxd5 Qb4 31. Qf5 a4 32. Rg4 Qe1+ 33.
Ka2 b5 34. Qxb5 Qxf2 35. Rxa4 Qxc2 36. Ra8+ Kh7 37. Qb3 Qxb3+ 38. Kxb3 g6 39. Ka4 gxh5 40. b4 h4 41. Rc8 h3 42. Rc2 Bf4 43. Rc1 h2 44.
Rh1 Kg6 45. b5 Kg5 46. b6 Kg4 47. Kb5 Kh3 48. Rg1 hxg1=Q 49. Kc6 Qg3 50. Kb7 Bb8 51. Ka8 Kg4 52. b7 h5 1/2-1/2

[Event "Late-Titled-Tuesday-Blitz-July-09-2024"]
[Site "Chess.com"]
[Date "2024.07.09"]
[Round "4"]
[White "champ2005"]
[Black "tjallkompall"]
[Result "1-0"]
[WhiteElo "3041"]
[BlackElo "2785"]
[TimeControl "180+1"]
[EndTime "14:39:45 PDT"]
[Termination "champ2005 won on time"]

1. d4 Nf6 2. Nf3 c5 3. d5 b5 4. e4 Nxe4 5. Bd3 Nf6 6. Bxb5 g6 7. O-O Bg7 8. c4 O-O 9. Nc3 d6 10. h3 Nbd7 11. Re1 Nb6 12. Qe2 e6 13. Bc6 Rb8 14.
Bf4 exd5 15. cxd5 Bb7 16. Rad1 a6 17. Bxb7 Rxb7 18. Qxa6 Qa8 19. Qd3 Rd8 20. b3 Qa5 21.
Bd2 c4 22. bxc4 Qc5 23. Rb1 Rdb8 24. Ne4 Qxc4 25. Qxc4 Nxc4 26. Rxb7 Rxb7 27. Nxf6+ Bxf6 28. Bh6 Ne5 29. Nxe5 Bxe5 30. f4 Bd4+ 31. Kh2 f5 32.
Re6 Rd7 33. Bg5 Kf7 34. a4 Bc5 35. g4 Ra7 36. Kg3 Rxa4 37. Re7+ Kg8 38. Bh6 Ra7 39. Re8+ Kf7 40. Rh8 Ra3+ 41. Kh4 Bf2+ 42. Kg5 Rxh3 43.
Rxh7+ Ke8 44. Rh8+ Kd7 45. gxf5 gxf5 46. Kxf5 Rd3 47.
Rh7+ Kc8 48. Ke6 Bc5 49. f5 Rd1 50. f6 Re1+ 51. Kf5 Rf1+ 52. Kg6 Rg1+ 53. Bg5 Be3 54. Rh5 Kd7 55. Kh6 Rxg5 56. Rxg5 Ke8 57. Kg6 Bxg5 58. Kxg5 Kf8 59. Kg4 Kg8 60. Kh5 Kf8 61. Kh6 Kg8 62.
Kg6 Kf8 63. f7 1-0

[Event "Late-Titled-Tuesday-Blitz-July-09-2024"]
[Site "Chess.com"]
[Date "2024.07.09"]
[Round "4"]
[White "RichardShtivelband"]
[Black "Antek_Radzimski"]
[Result "1-0"]
[WhiteElo "2388"]
[BlackElo "2558"]
[TimeControl "180+1"]
[EndTime "14:39:45 PDT"]
[Termination "RichardShtivelband won by resignation"]

1. d4 Nf6 2. c4 e6 3. Nf3 Bb4+ 4.
Nc3 O-O 5. Bg5 h6 6. Bh4 b6 7. e3 Bb7 8. Bd3 d6 9. O-O Nbd7 10. Ne2 d5 11. Ne5 Be7 12. f4 dxc4 13. Bxc4 c5 14. f5 exf5 15. Rxf5 Nxe5 16. dxe5 Ng4 17. Qxd8 Bxd8 18.
Bxd8 Raxd8 19. e6 Nxe3 20. Rxf7 Rxf7 21. exf7+ Kf8 22. Be6 Rd2 23. Nf4 Be4 24. Re1 Nxg2 25. Rxe4 Nxf4 26. Bb3 Nd5 27. Re8+ Kxf7 28. Re5 Rxb2 29.
Rxd5 Kf6 30. Rd6+ Ke5 31. Rg6 Kd4 32. Rxg7 Re2 33. Rd7+ Kc3 34. Rc7 a5 35. Rc6 b5 36.
Rxc5+ Kb4 37. Rh5 a4 38. Bg8 Re1+ 39. Kg2 Re8 40. Bf7 Rh8 41. h4 Ka3 42. Rxb5 Rf8 43. Rb7 h5 44. Kh3 Rd8 45. Kg3 Rd3+ 46. Kf4 Rf3+ 47. Kg5 Rf5+ 48. Kh6 Rf6+ 49. Kg7 Rg6+ 50. Bxg6 Kxa2 51. Bxh5 1-0

[Event "Late-Titled-Tuesday-Blitz-July-09-2024"]
[Site "Chess.com"]
[Date "2024.07.09"]
[Round "4"]
[White "ChristopherYoo"]
[Black "Byniolus"]
[Result "1-0"]
[WhiteElo "3036"]
[BlackElo "2808"]
[TimeControl "180+1"]
[EndTime "14:39:49 PDT"]
[Termination "ChristopherYoo won by resignation"]

1. d4 d6 2. e4 Nf6 3. Nc3 c6 4. f4 Qb6 5. Nf3 Bg4 6. Be2 Bxf3 7. Bxf3 e5 8. fxe5 dxe5 9. dxe5 Nfd7 10. e6 fxe6 11.
Qe2 Ne5 12. Bh5+ g6 13. Bg4 Nbd7 14. Bxe6 O-O-O 15. Bb3 Bb4 16. Bd2 Nc5 17. O-O-O Rhe8 18. Rhf1 a5 19. a3 Bxa3 20. bxa3 Ned3+ 21. Kb1 Nxb3 22. Ka2 Nxd2 23. Na4 Qb5 24. Rxd2 Nb4+ 25. axb4 Qxa4+ 26. Kb2 Qxb4+ 27. Kc1 Qa3+ 28. Kb1 Qb4+ 29. Kc1 Qc3 30. Rd3 Rxd3 31. Qxd3 Qxd3 32. cxd3 Rd8 33. Kc2 b5 34. h4 a4 35. h5 gxh5 36. Rh1 Rg8 37. Rxh5 Rxg2+ 38. Kc3 Rg7 39. e5 Kc7 40. d4 Kb6 41. Rh6 Rg3+ 42. Kc2 Ka5 43. Rxc6 a3 44. e6 Kb4 45. d5 Rg2+ 46. Kd3 a2 47. Rc1 Kb3 48. e7 Rg8 49. d6 Kb2 50. Rc2+ Kb1 51. Rxa2 Kxa2 52.
d7 b4 53. e8=Q Rxe8 54. dxe8=Q b3 55. Qa4+ 1-0

[Event "Late-Titled-Tuesday-Blitz-July-09-2024"]
[Site "Chess.com"]
[Date "2024.07.09"]
[Round "4"]
[White "alexrustemov"]
[Black "Narek_Ghimoyan"]
[Result "1/2-1/2"]
[WhiteElo "2880"]
[BlackElo "2508"]
[TimeControl "180+1"]
[EndTime "14:39:51 PDT"]
[Termination "Game drawn by repetition"]

1. d4 Nf6 2. c4 e6 3. Nf3 b6 4. a3 Bb7 5. Nc3 d5 6. Bg5 Be7 7. Bxf6 Bxf6 8. cxd5 exd5 9. Qa4+ c6 10. g3 O-O 11. Rd1 Re8 12. Bg2 Nd7 13. O-O c5 14. e3 a6 15. dxc5 Nxc5 16. Qc2 Rc8 17.
Nd4 Ne4 18. Bxe4 dxe4 19. Nf5 Qc7 20. Nd6 h5 21. h4 Qe7 22. Qe2 g6 23. Rd2 Rc5 24.
Nxe8 Qxe8 25. Rfd1 Bc8 26. Nd5 Bd8 27. Nf4 Bf6 28. Qf1 Bg4 29. Rc1 Rxc1 30. Qxc1 Bf3 31. Kh2 Qe5 32. Qc8+ Kg7 33. Qxa6 Qc5 34. Qf1 Be5 35. Rd5 Qc7 36. Rxe5 Qxe5 37. Qc1 Qb5 38. Kg1 Qa4 39. Qd2 Qb5 40. Qc3+ Kh7 41. b3 Qd7 42. Qc1 f6 43. Kh2 Kh6 44. Nh3 Bg4 45. Ng1 Qd3 46. Qb2 Kg7 47. Kg2 Qd1 48. Qc3 Bf3+ 49.
Kh2 Qf1 50. Qc7+ Kh6 51. Qf4+ Kg7 52. Qc7+ Kh6 53. Qf4+ Kg7 54. Qc7+ 1/2-1/2

[Event "Late-Titled-Tuesday-Blitz-July-09-2024"]
[Site "Chess.com"]
[Date "2024.07.09"]
[Round "4"]
[White "Burgsvik"]
[Black "JoshWeinstein"]
[Result "0-1"]
[WhiteElo "2264"]
[BlackElo "2455"]
[TimeControl "180+1"]
[EndTime "14:39:51 PDT"]
[Termination "JoshWeinstein won by resignation"]

1. e4 d5 2. exd5 Qxd5 3. Nc3 Qa5 4. Bc4 Nf6 5. Nge2 Bg4 6. f3 Bh5 7. Nf4 Nc6 8. d3 O-O-O 9. Bd2 Qc5 10. Nxh5 Nxh5 11. Ne4 Qb6 12. Bc3 Nf4 13. Qd2 e5 14.
Bxf7 Bb4 15. g3 Ng6 16. a4 Nd4 17. Rf1 a5 18. O-O-O Rdf8 19. Bxg6 hxg6 20. f4 Bxc3 21. Nxc3 exf4 22. gxf4 Qc6 23. Rf2 Rh4 24. Rdf1 Rfh8 25. Kb1 Nf5 26. Nb5 Qc5 27. Qxa5 Kb8 28. Qc3 Qxc3 29. Nxc3 Rxh2 30. Rxh2 Rxh2 31. Nd5 c6 32. Nb6 Kc7 33. a5 Rh4 34. c3 Ng3 35. Rf3 Ne2 36. Ka2 Nxf4 37. Kb3 g5 38. Nc4 Kd7 39.
Ne5+ Ke6 40. d4 Nd5 41. Ng6 Rh6 42. Nh4 Rxh4 43. Rf8 Rf4 44. Re8+ Kd6 45. Rb8 Kc7 46.
Rg8 Rf7 47. c4 Ne3 48. Rh8 g4 49. Kb4 g3 50. Rh3 g2 51. Rg3 g5 52. Rxg5 Rf2 53. Rg7+ Kd6 54. Rg6+ Ke7 55. Kc5 Kf7 56. Rg3 Rxb2 57. a6 bxa6 58. Kxc6 Kf6 59. d5 Ke5 60.
d6 Nxc4 61. d7 Na5+ 62. Kc7 Rc2+ 63. Kb8 Kf4 64. d8=Q Nc6+ 65. Kb7 Nxd8+ 66. Kxa6 Kxg3 67.
Kb6 g1=Q+ 68. Kb5 Qb1+ 0-1